 Dungeon Crawl Stone Soup version 0.19-a0-1899-g2d93087 (webtiles) character file.

180 dobroeutro the Shooter (level 5, -8/46 HPs)
             Began as a Centaur Hunter on Oct 20, 2016.
             Was an Initiate of Okawaru.
             Mangled by a crocodile (18 damage)
             ... in a sewer.
             The game lasted 00:04:57 (2693 turns).

dobroeutro the Shooter (Centaur Hunter)             Turns: 2693, Time: 00:04:58

Health: -8/46      AC:  4    Str: 15    XL:     5   Next: 33%
Magic:  5/5        EV:  9    Int: 15    God:    Okawaru [......]
Gold:   152        SH:  0    Dex: 10    Spells: 0 memorised, 4 levels left

rFire  . . .     SeeInvis .     a - +1 shortbow
rCold  . . .     Gourm    .     c - +0 leather armour
rNeg   . . .     Faith    .     (shield currently unavailable)
rPois  .         Spirit   .     (no helmet)
rElec  .         Reflect  .     (no cloak)
rCorr  .         Harm     .     (no gloves)
MR     .....                    (no barding)
Stlth  +.........               (no amulet)
                                (no ring)
                                p - +5 ring of intelligence

@: very slightly contaminated, hasted, very quick
A: hooves 3, deformed body, speed 2, tough skin 3
a: Renounce Religion


You were in a sewer.
You worshipped Okawaru.
Okawaru was noncommittal.
You were hungry.

You visited 1 branch of the dungeon, and saw 3 of its levels.
You also visited: Sewer.

You collected 152 gold pieces.

Inventory:

Hand Weapons
 a - a +1 shortbow (weapon)
 b - a +0 short sword
 x - a +2 whip of freezing
Missiles
 d - 20 arrows (quivered)
Armour
 c - a +0 leather armour (worn)
Jewellery
 p - a +5 ring of intelligence (left hand)
Scrolls
 g - a scroll of remove curse
 h - 2 scrolls of identify {unknown}
 i - 3 scrolls of magic mapping {unknown}
 q - a scroll of amnesia {unknown}
 r - a scroll of fog {unknown}
 s - a scroll of blinking {unknown}
 t - a scroll of fear {unknown}
Potions
 k - a potion of lignification {unknown}
 l - a potion of curing
 v - a potion of might {unknown}
Comestibles
 f - 4 bread rations
 m - 2 meat rations
 n - a royal jelly
 o - 4 fruits
 u - a slice of pizza


   Skills:
 + Level 4.1 Fighting
 + Level 7.3 Bows
 - Level 1.3 Dodging
 - Level 0.4 Stealth


You had 4 spell levels left.
You didn't know any spells.

Dungeon Overview and Level Annotations

Branches:
Dungeon (3/15)

Altars:
Okawaru
Qazlal


Innate Abilities, Weirdness & Mutations

You have hooves in place of feet.
Armour fits poorly on your strangely shaped body.
You cover ground very quickly.
You have extremely tough skin. (AC +3)


Message History

Moving in this stuff is going to be slow.
You enter the shallow water.
Moving in this stuff is going to be slow.
You enter the shallow water.
Moving in this stuff is going to be slow.
You enter the shallow water.
Moving in this stuff is going to be slow.
Things that are here:
a +0 morningstar; 5 stones Firing (i - inventory):
d - 21 arrows (quivered)
Press: ? - help, Shift-Dir - straight line, f/p - crocodile
Aim: a crocodile (moderately wounded)
You shoot an arrow. The arrow hits the crocodile.
The crocodile is heavily wounded.
The crocodile bites you but does no damage.
It was a potion of haste.
You feel yourself speed up. The crocodile bites you!
* * * LOW HITPOINT WARNING * * *
You are very lightly contaminated with residual magic.
It was a potion of curing.
You feel better. The crocodile bites you!!
You die...

###########
#....#....#####
#.∩∩.#......!.#
#....#.@..#...#
###..#)t#######
####..)....#####
#≈≈≈(≈≈≈≈≈≈≈≈≈≈#
####.......#####
####.#### #≈#
##≈## #...#


You could see a crocodile.

Vanquished Creatures
  10 adders
  2 oozes
  2 worms (D:2)
  2 dart slugs
  3 leopard geckos (D:3)
  An orc (D:3)
  7 bats
  8 giant cockroaches
  3 goblins
  5 hobgoblins
  2 jackals (Sewer)
  3 quokkas (D:3)
  4 ball pythons
  4 frilled lizards
  7 kobolds
  10 rats
73 creatures vanquished.

Notes
Turn   | Place    | Note
-------+----------+-------------------------------------------
     0 | D:1      | dobroeutro the Centaur Hunter began the quest for the Orb.
     0 | D:1      | Reached XP level 1. HP: 17/17 MP: 1/1
    93 | D:1      | Reached XP level 2. HP: 20/25 MP: 2/2
   651 | D:2      | Reached skill level 6 in Bows
   679 | D:2      | Reached XP level 3. HP: 29/30 MP: 3/3
  1159 | D:2      | Reached XP level 4. HP: 29/38 MP: 4/4
  1848 | D:3      | Found an iron altar of Okawaru.
  1857 | D:3      | Became a worshipper of Warmaster Okawaru
  1951 | D:3      | Found a faded altar of an unknown god.
  1951 | D:3      | Found a faded altar of an unknown god.
  1956 | D:3      | Found a faded altar of an unknown god.
  1958 | D:3      | Found a faded altar of an unknown god.
  1959 | D:3      | Found a stormy altar of Qazlal.
  2034 | D:3      | Reached XP level 5. HP: 28/46 MP: 5/5
  2057 | D:3      | Reached skill level 7 in Bows
  2402 | D:3      | Found a glowing drain.
  2406 | Sewer    | Entered a sewer
  2660 | Sewer    | Noticed a crocodile
  2693 | Sewer    | Mangled by a crocodile

Vault maps used:
D:1:      dpeg_arrival_chambers_temple_mockup
D:2:      first_bread
D:3:      chequers_temple_overflow_minitemple, minmay_overflow_temple_star_hex,
          okawaru_metal_pillars_1_2, portal_sewer_entry_e
Sewer:    sewer_the_crocodile

Skill      XL: |  1  2  3  4  5 |
---------------+----------------+-----
Bows           | 6 7 |  7.3
Fighting       | 3 4 |  4.1
Dodging        | |  1.3
Stealth        | |  0.4

Action                   |  1- 3 |  4- 6 || total
-------------------------+-------+-------++-------
Melee: Short sword       |   133 |    87 ||   220
       Kick              |    26 |    24 ||    50
       Morningstar       |       |    52 ||    52
 Fire: Shortbow          |     9 |    35 ||    44
  Use: Scroll            |       |     1 ||     1
       Potion            |       |     3 ||     3
  Eat: Chunk             |       |     4 ||     4
Armor: Leather armour    |    71 |    70 ||   141
Dodge: Dodged            |    78 |    76 ||   154
